 Dungeon Crawl Stone Soup version 0.24-a0-736-g4e6fe308c7 (webtiles) character file.

Game seed: 14351973359020255698, levelgen mode: deterministic

114 MalarOregon the Ruffian (level 4, 0/37 HPs)
             Began as a Draconian Transmuter on Oct 2, 2019.
             Slain by a river rat (7 damage)
             ... in a sewer.
             The game lasted 00:05:07 (2964 turns).

MalarOregon the Ruffian (Draconian Transmuter)      Turns: 2964, Time: 00:05:07

Health: 0/37       AC:  6    Str: 12    XL:     4   Next: 67%
Magic:  0/8        EV: 12    Int: 15    God:
Gold:   161        SH:  0    Dex: 11    Spells: 5/8 levels left

rFire    . . .     SeeInvis .     - Unarmed
rCold    . . .     Gourm    .   (no shield)
rNeg     . . .     Faith    .   (armour unavailable)
rPois    .         Spirit   .   (helmet restricted)
rElec    .         Reflect  .   l - +0 cloak
rCorr    .         Harm     .   (no gloves)
MR       .....                  (no boots)
Stlth    +.........             (no amulet)
HPRegen  0.12/turn              (no ring)
MPRegen  0.11/turn              (no ring)

@: lethally poisoned (0 -> -3), very slightly contaminated
A: unfitting armour, cold-blooded, AC +5
a: no special abilities


You were in a sewer.
You were hungry.

You visited 1 branch of the dungeon, and saw 3 of its levels.
You also visited: Sewer.

You collected 161 gold pieces.

Inventory:

Missiles
 a - 29 arrows
 g - 8 curare-tipped darts (quivered) {!f}
Armour
 l - a +0 cloak (worn)
   (You took it off Crazy Yiuf on level 2 of the Dungeon)
Jewellery
 i - an uncursed ring of see invisible {unknown}
   (You found it on level 2 of the Dungeon)
Scrolls
 b - a scroll of blinking
 k - a scroll of identify {@r1}
Potions
 c - a potion of heal wounds {unknown}
 d - a potion of curing {unknown}
 f - a potion of flight {unknown}
 h - a potion of might {unknown}
 j - 2 potions of agility {unknown}
 m - a potion of cancellation {unknown}
 o - a potion of lignification {unknown}
 q - a potion of invisibility {unknown}
Comestibles
 e - 4 rations {!d}


   Skills:
 + Level 2.4 Fighting
 + Level 2.5 Dodging
 + Level 3.5 Unarmed Combat
 + Level 2.6 Spellcasting
 + Level 2.8 Transmutations


You had 5 spell levels left.
You knew the following spells:

 Your Spells              Type           Power        Failure   Level  Hunger
a - Beastly Appendage     Tmut           ##....       7%          1    #......
s - Sticks to Snakes      Tmut           ##......     10%         2    ##.....

Your spell library contained the following spells:

 Spells                   Type           Power        Failure   Level  Hunger
 Spider Form              Tmut/Pois      #.........   34%         3    ###....
 Ice Form                 Ice/Tmut       #.......     75%         4    #####..
 Blade Hands              Tmut           ##........   88%         5    ######.


Dungeon Overview and Level Annotations

Branches:
Dungeon (3/15)              Sewer (1/1)

Altars:
Kikubaaqudgha


Innate Abilities, Weirdness & Mutations

Your plain brown scales are hard. (AC +5)
You cannot fit into any form of body armour.
You are cold-blooded and may be slowed by cold attacks.


Message History

Your ball python bites the river rat but does no damage.
Your ball python grabs the river rat.
Your ball python constricts the river rat.
The rat misses you.
Your ball python bites the rat.
The rat dies!
The river rat bites your ball python!
Your ball python dies!
The adder closely misses you.
Unknown command.
You hit the adder.
Your ball python bites the rat.
Your ball python barely misses the rat.
The rat bites you but does no damage. The river rat bites you.
* * * LOW HITPOINT WARNING * * *
The adder misses you.
Your ball python bites the rat but does no damage.
Your ball python closely misses the rat.
The rat barely misses you. The river rat completely misses you.
Things that are here:
a rat corpse; a ball python corpse You closely miss the adder.
Your kick misses the adder.
Your ball python bites the rat but does no damage.
Your ball python grabs the rat.
Your ball python constricts the rat.
The rat dies!
The adder bites you.
* * * LOW HITPOINT WARNING * * *
You are poisoned.
The adder poisons you! The river rat bites you.
* * * LOW HITPOINT WARNING * * *
Unknown command.
You hit the adder but do no damage. Your kick misses the adder.
You feel sick. The adder bites you.
* * * LOW HITPOINT WARNING * * *
The river rat closely misses you.
Your ball python barely misses the adder.
Your ball python grabs the adder.
Your ball python constricts the adder.
The adder closely misses you.
Casting: Sticks to Snakes (safe; 10% risk of failure)
You create a snake!
You now have 29 arrows.
Your talons disappear.
The adder misses you.
Your ball python bites the adder but does no damage.
Your ball python constricts the adder.
The river rat bites you but does no damage.
Unknown command.
Unknown command.
You barely miss the adder. You tail-slap the adder.
You feel sick.
Your ball python bites the adder but does no damage.
Your ball python constricts the adder.
The adder bites you but does no damage.
Your ball python bites the adder.
The river rat bites you!
You die...

##### ##### #∩..## ##### ####
##...######..#####..∩# ##
###..###......#####..##...######.
#...............##.......#####...
#)............÷...........##.†÷..
†................................
#†≈≈≈≈≈≈≈≈....SS@...............≈
#≈≈≈≈≈≈≈≈≈≈≈≈≈†rS.....≈≈≈≈≈≈≈≈≈≈≈
#≈≈≈≈≈≈≈≈≈≈≈≈≈≈≈.....≈≈≈≈≈≈≈≈≈≈≈≈
#≈≈≈≈≈≈≈≈≈≈≈≈≈≈≈≈≈≈≈≈≈≈≈≈≈≈≈≈≈≈≈≈
≈≈≈≈≈≈≈≈≈≈≈≈≈≈≈≈≈≈≈≈≈≈≈≈≈≈≈≈≈≈≈≈≈
#≈≈≈≈≈≈≈≈≈≈≈≈≈≈≈≈≈≈≈≈≈≈≈≈≈≈≈≈≈≈≈≈
≈≈≈≈≈≈≈≈≈≈≈≈≈≈≈≈≈≈≈≈≈≈≈≈≈≈≈≈≈≈≈≈≈
≈≈≈≈≈≈≈≈≈≈≈.........≈
##≈≈....##........


You could see an adder, a river rat and 2 friendly ball pythons.

Vanquished Creatures
  Crazy Yiuf (D:2)
  A river rat (Sewer)
  An adder (D:2)
  3 dart slugs (D:1)
  A worm (D:2)
  5 leopard geckos
  An orc (D:2)
  3 ball pythons (Sewer)
  4 bats
  4 giant cockroaches (D:3)
  4 goblins (D:1)
  4 hobgoblins
  13 kobolds
  A quokka (D:2)
  A frilled lizard (D:2)
  8 rats
55 creatures vanquished.

Vanquished Creatures (collateral kills)
  A river rat (Sewer)
  6 rats (Sewer)
7 creatures vanquished.

Grand Total: 62 creatures vanquished

Notes
Turn   | Place    | Note
-------+----------+-------------------------------------------
     0 | D:1      | MalarOregon the Draconian Transmuter began the quest for
                  | the Orb.
     0 | D:1      | Reached XP level 1. HP: 16/16 MP: 3/3
   229 | D:1      | Reached XP level 2. HP: 23/23 MP: 3/5
   280 | D:1      | You fall into a shaft and drop 1 floor!
   885 | D:2      | Learned a level 2 spell: Sticks to Snakes
   921 | D:2      | Reached XP level 3. HP: 28/29 MP: 6/6
   972 | D:2      | Found an ancient bone altar of Kikubaaqudgha.
  1068 | D:2      | Found a runed translucent door.
  1069 | D:2      | Noticed Crazy Yiuf
  1436 | D:2      | Killed Crazy Yiuf
  2476 | D:2      | Reached XP level 4. HP: 28/36 MP: 5/7
  2518 | D:3      | Found a glowing drain.
  2572 | Sewer    | Entered a sewer
  2964 | Sewer    | Slain by a river rat

Levels and vault maps discovered:
D:1:      lemuel_arrival_funnel, layout_basic
D:2:      layout_rooms, nicolae_overflow_hidden_temple, uniq_crazy_yiuf_cottage
D:3:      layout_basic, portal_sewer_entry_f, uniq_purgy
Sewer:    sewer_minmay_treatment

Skill      XL: |  1  2  3 |
---------------+----------+-----
Dodging        | 2 |  2.5
Fighting       | 2 |  2.4
Unarmed Combat | |  3.5
Spellcasting   | |  2.6
Transmutations | |  2.8

Action                   |  1- 3 |  4- 6 || total
-------------------------+-------+-------++-------
Melee: Unarmed           |   110 |    92 ||   202
       Tailslap          |     6 |     8 ||    14
       Punch             |     3 |     1 ||     4
       Headbutt          |     2 |     2 ||     4
       Kick              |     6 |     3 ||     9
 Cast: Beastly Appendage |    13 |     5 ||    18
       Sticks to Snakes  |     8 |     6 ||    14
  Use: Scroll            |       |     6 ||     6
 Stab: Sleeping          |       |     1 ||     1
  Eat: Chunk             |     2 |     2 ||     4
       Ration            |     1 |       ||     1
Armor: Skin              |    29 |    47 ||    76
Dodge: Dodged            |    69 |    71 ||   140

Table legend:
 A = Non-vault XP
 B = Vault XP
 C = Vault XP percentage of total XP
 D = Non-vault monster count
 E = Vault monster count
 F = Vault count percentage of total count
                 A         B        C        D         E       F
            +---------+---------+-------+---------+---------+-------
      Total |      85 |      79 |  48.2 |      37 |      25 |  40.3
            +---------+---------+-------+---------+---------+-------
        D:1 |      41 |       0 |   0.0 |      21 |       0 |   0.0
        D:2 |      37 |      21 |  36.2 |      13 |       1 |   7.1
        D:3 |       7 |      10 |  58.8 |       3 |       4 |  57.1
      Sewer |       0 |      48 | 100.0 |       0 |      20 | 100.0
            +---------+---------+-------+---------+---------+-------
